 Dungeon Crawl Stone Soup version 0.30-a0-778-g2ef04afb54 (webtiles) character file.

Game seed: 8145320635330075370

10 BigDaddyOpFi the Covert (level 2, -1/24 (29) HPs)
             Began as a Gnoll Delver on Feb 15, 2023.
             Slain by a necrophage (3 damage)
             ... on level 5 of the Dungeon.
             The game lasted 00:00:40 (210 turns).

BigDaddyOpFi the Covert (Gnoll Delver)               Turns: 210, Time: 00:00:41

HP:   -1/24 (29)    AC:  3    Str: 11    XL:     2   Next: 20%
MP:   2/2           EV: 13    Int:  9    God:
Gold: 38            SH:  0    Dex: 13    Spells: 1/1 levels left

rFire   . . .      SeeInvis .    a - +0 hand axe
rCold   . . .      Faith    .    (no shield)
rNeg    . . .      Spirit   .    b - +0 leather armour
rPois   .          Reflect  .    (no helmet)
rElec   .          Harm     .    (no cloak)
rCorr   .          Rampage  .    (no gloves)
Will    .....                    (no boots)
Stlth   ++++                     (no amulet)
HPRegen 0.24/turn                (no ring)
MPRegen 0.08/turn                (no ring)

@: hasted, heavily drained, very quick
A: fangs 1, strong nose, distributed training
a: no special abilities


You were on level 5 of the Dungeon.
You visited 1 branch of the dungeon, and saw 1 of its levels.

You collected 38 gold pieces.

Inventory:

Hand Weapons
 a - a +0 hand axe (weapon)
Armour
 b - a +0 leather armour (worn)
Wands
 g - a wand of digging (2) (quivered)
Scrolls
 c - a scroll of fog
 d - a scroll of magic mapping


   Skills:
 + Level 6.4 Fighting
 + Level 0.3 Short Blades
 + Level 0.3 Long Blades
 + Level 4.4 Axes
 + Level 0.3 Maces & Flails
 + Level 0.3 Polearms
 + Level 0.3 Staves
 + Level 0.3 Ranged Weapons
 + Level 0.3 Throwing
 + Level 0.3 Armour
 + Level 4.4 Dodging
 + Level 9.5 Stealth
 + Level 0.3 Shields
 + Level 0.3 Unarmed Combat
 + Level 0.3 Spellcasting
 + Level 0.2 Conjurations
 + Level 0.2 Hexes
 + Level 0.2 Summonings
 + Level 0.2 Necromancy
 + Level 0.2 Translocations
 + Level 0.2 Transmutations
 + Level 0.2 Fire Magic
 + Level 0.2 Ice Magic
 + Level 0.2 Air Magic
 + Level 0.2 Earth Magic
 + Level 0.2 Poison Magic
 + Level 0.4 Invocations
 + Level 0.3 Evocations


You had one spell level left.
You didn't know any spells.
Your spell library was empty.

Dungeon Overview and Level Annotations

Branches:
Dungeon (5/15)
 Temple: D:4-7

Altars:


Innate Abilities, Weirdness & Mutations

You have very sharp teeth.
Your uncanny sense of smell can sniff out nearby items.
Your experience applies equally to all skills.


Message History

You barely miss the necrophage. Your bite misses the necrophage.
The necrophage is heavily damaged.
You hit the necrophage.
The necrophage is severely damaged.
The necrophage closely misses you.
You hit the necrophage but do no damage.
The necrophage is severely damaged.
The necrophage hits you.
You hit the necrophage but do no damage.
The necrophage is severely damaged.
The necrophage hits you.
You feel drained.
* * * LOW HITPOINT WARNING * * *
You hit the necrophage but do no damage.
The necrophage is severely damaged.
The necrophage misses you.
You aren't carrying any potions.
You can't see any enemies this would affect, really read the scroll of fear? [Y]es or [N]o only, please.
You can't see any enemies this would affect, really read the scroll of fear?
As you read the scroll of fear, it crumbles to dust.
You assume a fearsome visage.
The necrophage is unaffected.
You barely miss the necrophage.
The necrophage is severely damaged.
The necrophage misses you.
Aiming: Dig
Press: ? - help, Q - select action, (/) - cycle Shift-Dir - straight line You can't see that place. [a rock wall.]
The rock shatters into small pieces.
The necrophage closely misses you.
You hit the necrophage but do no damage.
The necrophage is severely damaged.
You hit the necrophage.
The necrophage is severely damaged.
The necrophage hits you.
* * * LOW HITPOINT WARNING * * *
You barely miss the necrophage.
The necrophage is severely damaged.
The necrophage hits you.
You die...

#.###### ### ## ..
#..#.##.##.##.##..#
#................## ....#
######.# #.##.........c. ....#
#......# #.##..../....# ....#
#......###.##........... ....#
#...........<...........
....###.........#n............
............#...@#..........##
#.#.###.....#...##..........#
<....##...(.#...............#
†.....#......................
.........................?...
........................####
.....#............##.....
.....#..........
................


You could see a necrophage.

Vanquished Creatures
  An adder (D:5)
  A quokka (D:5)
2 creatures vanquished.

Notes
Turn   | Place    | Note
-------+----------+-------------------------------------------
     0 | D:5      | Reached skill level 9 in Stealth
     0 | D:5      | BigDaddyOpFi the Gnoll Delver began the quest for the Orb.
     0 | D:5      | Reached XP level 1. HP: 23/23 MP: 1/1
    17 | D:5      | Reached XP level 2. HP: 23/29 MP: 2/2
   179 | D:5      | Noticed a necrophage
   180 | D:5      | Noticed a centaur
   209 | D:5      | HP: 1/24 [necrophage (5)]
   210 | D:5      | Slain by a necrophage

Illustrated notes

Levels and vault maps discovered:
D:5:      layout_rooms, general_overflow_altar, minmay_temple_entry_mist,
          minmay_manual_macuahuitl

Skill      XL: | |
---------------+-+-----
Stealth        | |  9.5
Fighting       | |  6.4
Short Blades   | |  0.3
Long Blades    | |  0.3
Axes           | |  4.4
Maces & Flails | |  0.3
Polearms       | |  0.3
Staves         | |  0.3
Ranged Weapons | |  0.3
Throwing       | |  0.3
Armour         | |  0.3
Dodging        | |  4.4
Shields        | |  0.3
Unarmed Combat | |  0.3
Spellcasting   | |  0.3
Conjurations   | |  0.2
Hexes          | |  0.2
Summonings     | |  0.2
Necromancy     | |  0.2
Translocations | |  0.2
Transmutations | |  0.2
Fire Magic     | |  0.2
Ice Magic      | |  0.2
Air Magic      | |  0.2
Earth Magic    | |  0.2
Poison Magic   | |  0.2
Invocations    | |  0.4
Evocations     | |  0.3

Action                     || total
---------------------------++-------
  Melee: Hand axe          ||    30
         Bite              ||     2
  Evoke: Wand              ||     1
    Use: Scroll            ||     1
         Potion            ||     1
 Armour: Leather armour    ||     1
  Dodge: Dodged            ||    16

Table legend: (Time is in decaauts)
 A = Elapsed time spent in this place.
 B = Non-inter-level travel time spent in this place.
 C = Inter-level travel time spent in this place.
 D = Time resting spent in this place.
 E = Time spent auto-exploring this place.
 F = Levels seen in this place.
 G = Mean time per level.
                   A        B        C        D        E       F      G
               +--------+--------+--------+--------+--------+-----+--------+
         Total |    204 |    204 |      0 |    124 |      0 |   1 |  204.0 |
       Dungeon |    204 |    204 |      0 |    124 |      0 |   1 |  204.0 |
               +--------+--------+--------+--------+--------+-----+--------+

Top non-repeatable levels by time:
     D:5: 204 daAuts
